 Dungeon Crawl Stone Soup version 0.24-a0-291-g79c1ce788c (webtiles) character file.

Game seed: 3006051082998140435

2461 Redear the Skirmisher (level 9, 0/70 HPs)
             Began as a Demonspawn Chaos Knight on May 9, 2019.
             Was a Plaything of Xom.
             Slain by a phantom (3 damage)
             ... on level 8 of the Dungeon.
             The game lasted 00:18:28 (8422 turns).

Redear the Skirmisher (Demonspawn Chaos Knight)     Turns: 8422, Time: 00:18:29

Health: 0/70       AC:  8    Str: 15 (17) XL:     9   Next: 26%
Magic:  9/9        EV: 13    Int: 13      God:    Xom [...*..]
Gold:   209        SH:  4    Dex: 10 (12) Spells: 8/8 levels left

rFire    + . .     SeeInvis .   d - +0 whip (freeze)
rCold    . . .     Gourm    .   x - +0 buckler
rNeg     . . .     Faith    .   b - +2 leather armour
rPois    +         Spirit   .   f - +0 helmet (curse)
rElec    .         Reflect  .   (no cloak)
rCorr    +         Harm     .   (no gloves)
MR       .....                  m - +0 pair of boots
Stlth    +.........             (no amulet)
HPRegen  0.21/turn              o - ring of poison resistance {rPois}
MPRegen  0.11/turn              g - ring of resist corrosion

@: no status effects
A: claws 2, molten scales 1, deformed body, deterioration 1, fire resistance 1,
powered by death 1, screaming 1, flame cloud immunity
a: Renounce Religion


You were on level 8 of the Dungeon.
You worshipped Xom.
You were a favourite toy of Xom.
You were very hungry.

You visited 1 branch of the dungeon, and saw 8 of its levels.

You collected 499 gold pieces.
You spent 290 gold pieces at shops.

Inventory:

Hand Weapons
 a - a +0 hand axe of chaos
 d - a +0 whip of freezing (weapon)
 j - a +0 dagger of venom
 p - a +2 vampiric short sword {!w}
Missiles
 s - 4 javelins of penetration (quivered)
Armour
 b - a +2 leather armour (worn)
 c - a +0 pair of gloves
 f - a cursed +0 helmet (worn)
 m - a +0 pair of boots (worn)
 t - a +0 shield
 x - a +0 buckler (worn)
Jewellery
 g - a ring of resist corrosion (right claw)
 o - a ring of poison resistance (left claw) {rPois}
Scrolls
 h - a scroll of noise
 n - a scroll of fog {unknown}
 r - 4 scrolls of enchant weapon
 u - 3 scrolls of amnesia
 v - 5 scrolls of immolation
 M - a scroll of magic mapping
 N - 5 scrolls of remove curse {@r2}
 R - 2 scrolls of identify {@r1}
 T - 2 scrolls of teleportation
Potions
 e - a potion of cancellation
 i - a potion of lignification
 k - 2 potions of might {Str+5 DMG+1d10 | @q3}
 l - 5 potions of flight
 H - a potion of haste {@q5}
Comestibles
 z - 4 rations


   Skills:
 + Level 6.3 Fighting
 + Level 5.9 Axes
 + Level 5.4 Armour
 + Level 5.1 Dodging
 + Level 4.5 Shields


You had 8 spell levels left.
You didn't know any spells.
Your spell library contained the following spells:

 Spells                   Type           Power        Failure   Level  Hunger
 Beastly Appendage        Tmut           #.....       36%         1    ##.....
 Confusing Touch          Hex            #.....       36%         1    ##.....
 Flame Tongue             Conj/Fire      #....        36%         1    ##.....
 Sticks to Snakes         Tmut           #.......     50%         2    ###....
 Confuse                  Hex            #.......     73%         3    ####...
 Gell's Gravitas          Tloc           #.........   73%         3    ####...
 Spider Form              Tmut/Pois      #.........   73%         3    ####...
 Cause Fear               Hex            #.........   98%         4    #####..
 Ice Form                 Ice/Tmut       #.......     98%         4    #####..
 Petrify                  Tmut/Erth      #.......     98%         4    #####..
 Blade Hands              Tmut           #.........   100%        5    ######.
 Metabolic Englaciation   Hex/Ice        #.........   100%        5    ######.
 Yara's Violent Unravell  Hex/Tmut       #.........   100%        5    ######.
 Bolt of Fire             Conj/Fire      #.........   100%        6    #######
 Dragon Form              Tmut           #.........   100%        7    #######
 Dragon's Call            Summ           #.........   100%        9    #######


Dungeon Overview and Level Annotations

Branches:
Dungeon (8/15)             Temple (0/1) D:6
   Lair: D:8-11

Altars:
Elyvilon
Fedhas
Wu Jian
Xom
Yredelemnul
The Shining One

Shops:
D:4 *   D:5 [

Annotations:
D:6 exclusion: oklob plant
D:8 Prince Ribbit


Innate Abilities, Weirdness & Mutations

You have very sharp fingernails.
Your flesh is heat resistant. (rF+)
You regenerate a little health from kills.
You are immune to clouds of flame.
You are partially covered in molten scales. (AC +2)
Armour fits poorly on your strangely shaped body.
Your body sometimes deteriorates upon taking damage.
You occasionally shout uncontrollably at your foes.


Message History

Aim: a phantom (severely damaged)
You throw a javelin of penetration.
The javelin of penetration pierces through the phantom.
The phantom is severely damaged.
Xom grants you insight.
You feel aware of your surroundings.
You hit the phantom but do no damage.
The phantom is severely damaged.
The phantom hits you!
* * * LOW HITPOINT WARNING * * *
You take 7 damage, and have 3/70 hp.
Okay, then.
Okay, then.
Okay, then.
Press: ? - help, v - describe, . - travel
Here: a phantom (severely damaged)
The floor.
As you read the scroll of fear, it crumbles to dust.
You assume a fearsome visage.
The phantom is unaffected.
The phantom hits you.
You die...

#...........#####........ ,,,,**
#......!....+..†+........,,,,,,,
#..........[#####........, ,,, ,
#...........# #...###+#* **,,,
###########.# #...# *, ,,, #.#
#...# *, *,,, #.# ##### *,* *,,,
#(######### * * *, , #(..W@...(#
*,* **** #########.# *,*
#.........# *,* #.###########,*
#...........#,********
###########.#,,,,, , ,
#.......#.#######***
*,#####.#.#......,,,
*,#<............. ,,


You could see a phantom.

Vanquished Creatures
  Pikel (D:6)
  A hungry ghost (D:7)
  2 slaves (D:6)
  An ice beast (D:3)
  A phantom (D:4)
  2 black bears
  An ogre (D:7)
  A crocodile (D:7)
  A bullfrog (D:7)
  6 killer bees (D:4)
  2 crimson imps (D:7)
  A bullfrog zombie (D:5)
  A quasit (D:8)
  3 hounds
  An orc priest (D:5)
  A gnoll shaman (D:7)
  A bullfrog skeleton (D:4)
  2 iguanas (D:5)
  3 orc wizards
  4 worker ants
  A killer bee zombie (D:6)
  A hound zombie (D:5)
  3 gnolls (D:7)
  11 adders
  A shadow imp (D:7)
  2 oozes
  A worm (D:2)
  4 dart slugs
  9 leopard geckos
  27 orcs
  2 giant cockroaches
  8 goblins
  3 hobgoblins
  9 jackals
  6 quokkas
  2 ball pythons (D:2)
  10 bats
  6 frilled lizards
  A jackal skeleton (D:4)
  9 kobolds
  A quokka skeleton (D:6)
  10 rats
163 creatures vanquished.

Vanquished Creatures (collateral kills)
  An ice beast (D:7)
  A phantom (D:7)
  A worker ant (D:7)
  A worker ant zombie (D:7)
4 creatures vanquished.

Vanquished Creatures (others)
  A quokka (D:4)
1 creature vanquished.

Grand Total: 168 creatures vanquished

Notes
Turn   | Place    | Note
-------+----------+-------------------------------------------
     0 | D:1      | Redear the Demonspawn Chaos Knight began the quest for the
                  | Orb.
     0 | D:1      | Reached XP level 1. HP: 18/18 MP: 1/1
    12 | D:1      | Reached skill level 1 in Dodging
    15 | D:1      | XOM: divination: magic mapping
    73 | D:1      | Reached skill level 2 in Armour
    73 | D:1      | Gained mutation: Your flesh is heat resistant. (rF+)
                  | [demonic ancestry]
    73 | D:1      | Reached XP level 2. HP: 12/24 MP: 2/2
   204 | D:1      | XOM: silly message
   309 | D:1      | Reached skill level 3 in Axes
   370 | D:1      | XOM: harmless Fire miscast
   465 | D:1      | XOM: noise
   562 | D:1      | Gained mutation: You regenerate a little health from kills.
                  | [demonic ancestry]
   562 | D:1      | Reached XP level 3. HP: 23/29 MP: 3/3
   790 | D:2      | Gained mutation: You have sharp fingernails. [demonic
                  | ancestry]
   790 | D:2      | Reached XP level 4. HP: 14/36 MP: 4/4
   809 | D:2      | XOM: harmless Ice miscast
   930 | D:2      | XOM: noise
   970 | D:2      | Reached skill level 2 in Dodging
  1397 | D:3      | Noticed an ice beast
  1402 | D:3      | XOM: potion effect (brilliance)
  1413 | D:3      | Killed an ice beast
  1413 | D:3      | Reached skill level 4 in Fighting
  1413 | D:3      | Reached skill level 1 in Shields
  1413 | D:3      | Gained mutation: You are immune to clouds of flame.
                  | [demonic ancestry]
  1413 | D:3      | Reached XP level 5. HP: 8/42 MP: 5/5
  1684 | D:3      | Reached skill level 3 in Armour
  1836 | D:3      | XOM: god gift: 51 gold pieces
  2136 | D:3      | XOM: harmless Chrm miscast
  2196 | D:3      | XOM: scenery: 1 doors close
  2627 | D:3      | Found a faded altar of an unknown god.
  2731 | D:4      | XOM: divination: detect creatures
  2737 | D:4      | Gained mutation: You have very sharp fingernails. [demonic
                  | ancestry]
  2737 | D:4      | Reached XP level 6. HP: 47/48 MP: 6/6
  2833 | D:4      | Found Ofetacoll's General Store.
  2841 | D:4      | XOM: noise
  3144 | D:4      | Found a white marble altar of Elyvilon.
  3187 | D:4      | Bought a scroll of identify for 26 gold pieces
  3187 | D:4      | Bought a wand of iceblast (7) for 143 gold pieces
  3197 | D:4      | XOM: harmless Pois miscast
  3248 | D:4      | Found a glowing golden altar of the Shining One.
  3284 | D:4      | Reached skill level 4 in Axes
  3286 | D:4      | XOM: smoke on damage
  3356 | D:4      | XOM: divination: magic mapping
  3361 | D:4      | XOM: divination: detect creatures
  3753 | D:4      | XOM: cast spell 'Summon Ice Beast'
  3794 | D:4      | Reached skill level 3 in Dodging
  3794 | D:4      | Reached skill level 2 in Shields
  3797 | D:4      | Reached XP level 7. HP: 26/55 MP: 7/7
  3817 | D:4      | Found a shimmering altar of Xom.
  4034 | D:5      | Entered Level 5 of the Dungeon
  4034 | D:5      | Found a basalt altar of Yredelemnul.
  4063 | D:5      | You fall through a shaft!
  4063 | D:6      | XOM: stealth player
  4064 | D:6      | Noticed Pikel
  4070 | D:6      | XOM: cast spell 'Summon Butterflies'
  4132 | D:6      | Found a staircase to the Ecumenical Temple.
  4134 | D:6      | XOM: cloud trail
  4141 | D:6      | Found an ornate altar of the Wu Jian Council.
  4351 | D:6      | XOM: potion effect (haste)
  4355 | D:6      | XOM: potion effect (heal wounds)
  4380 | D:6      | Killed Pikel
  4380 | D:6      | Reached skill level 5 in Fighting
  4380 | D:6      | Reached skill level 4 in Armour
  4380 | D:6      | Reached skill level 4 in Dodging
  4380 | D:6      | Reached skill level 3 in Shields
  4380 | D:6      | Reached XP level 8. HP: 52/62 MP: 8/8
  4409 | D:6      | Reached skill level 5 in Axes
  4669 | D:6      | Found a blossoming altar of Fedhas.
  4682 | D:6      | Noticed an oklob plant
  4778 | D:6      | XOM: silly message
  4951 | D:5      | Found Apnuampat's Antique Armour Boutique.
  4951 | D:5      | XOM: divination: magic mapping
  5080 | D:4      | XOM: potion effect (might)
  5178 | D:4      | XOM: silly message
  5962 | D:5      | Bought a buckler for 121 gold pieces
  5967 | D:5      | XOM: harmless Hex miscast
  6031 | D:7      | HP: 6/64 [crocodile (7)]
  6037 | D:7      | Reached skill level 5 in Armour
  6037 | D:7      | Reached skill level 4 in Shields
  6120 | D:7      | XOM: noise
  6174 | D:7      | XOM: mild Pois miscast
  6247 | D:7      | Reached skill level 6 in Fighting
  6265 | D:6      | HP: 9/96 [orc wizard/puff of flame (4)]
  6452 | D:6      | XOM: give mutations
  6452 | D:6      | Gained mutation: You occasionally shout uncontrollably at
                  | your foes. [Xom's mischief]
  6452 | D:6      | Gained mutation: You are partially covered in molten
                  | scales. (AC +2) [Xom's mischief]
  6452 | D:6      | Gained mutation: Your body sometimes deteriorates upon
                  | taking damage. [Xom's mischief]
  6452 | D:6      | Gained mutation: Armour fits poorly on your strangely
                  | shaped body. [Xom's mischief]
  6808 | D:7      | XOM: confuse monster(s)
  6826 | D:7      | XOM: cast spell 'Alistair's Intoxication'
  6830 | D:7      | XOM: god gift: hand axe {god gift}
  6835 | D:7      | XOM: scenery: create altars
  6862 | D:7      | XOM: confuse monster(s)
  6878 | D:7      | Reached XP level 9. HP: 69/69 MP: 9/9
  6905 | D:7      | XOM: divination: magic mapping
  7255 | D:7      | XOM: confusion (+ monsters)
  7280 | D:7      | XOM: enchant monster (good)
  7295 | D:7      | XOM: cast spell 'Summon Dragon'
  7418 | D:7      | Reached skill level 5 in Dodging
  7748 | D:7      | XOM: god gift: scroll labeled HUODAD UCAKKIR {god gift}
  7937 | D:8      | XOM: noise
  7970 | D:8      | Noticed Prince Ribbit
  7987 | D:8      | XOM: cast spell 'Call Canine Familiar'
  8281 | D:8      | XOM: divination: magic mapping
  8356 | D:8      | XOM: enchant monster (bad)
  8363 | D:8      | XOM: scenery: 1 doors close
  8372 | D:8      | XOM: noise
  8420 | D:8      | XOM: divination: magic mapping
  8421 | D:8      | HP: 3/70 [phantom (7)]
  8422 | D:8      | Slain by a phantom

Levels and vault maps discovered:
D:1:      grunt_arrival_crossed_arrows, layout_basic
D:2:      layout_rooms
D:3:      minmay_octagon_keep, layout_basic, chequers_ecumenical_altar_grove
D:4:      layout_basic, elyvilon_altar_4, kennysheep_mini_moat, serial_shops,
          shop, first_ration, minmay_misc_feat_alley, tgw_xom
D:5:      layout_gridville, yredelemnul_altar_generic, serial_shops,
          nicolae_shop_overgrown_old_shop
D:6:      layout_cave_pools, tgw_fedhas, lemuel_crystal_altar, temple_green,
          uniq_pikel
D:7:      layout_loops_cross
D:8:      kennysheep_blocky_hall, layout_basic, hangedman_ranch
          [blue_anna_fruit_fields], uniq_prince_ribbit1

Skill      XL: |  1  2  3  4  5  6  7  8  9 |
---------------+----------------------------+-----
Dodging        | 1 2 3 4 5 |  5.1
Armour         | 2 3 4 5 |  5.4
Axes           | 3 4 5 |  5.9
Fighting       | 4 5 6 |  6.3
Shields        | 1 2 3 4 |  4.5

Action                   |  1- 3 |  4- 6 |  7- 9 || total
-------------------------+-------+-------+-------++-------
Melee: Hand axe          |    62 |       |       ||    62
       Dagger            |    88 |   239 |   429 ||   756
       Whip              |       |       |   274 ||   274
Throw: Javelin           |       |       |     3 ||     3
Evoke: Wand              |       |     1 |     6 ||     7
  Use: Potion            |       |     7 |    10 ||    17
       Scroll            |       |     5 |     5 ||    10
 Stab: Sleeping          |       |     1 |     1 ||     2
       Confused          |       |       |     2 ||     2
  Eat: Chunk             |       |     4 |     6 ||    10
       Ration            |       |     2 |     4 ||     6
Armor: Leather armour    |    77 |    72 |   220 ||   369
Dodge: Dodged            |   112 |   120 |   348 ||   580
Block: Shield            |       |    91 |   112 ||   203
       Buckler           |       |       |    94 ||    94

Table legend:
 A = Non-vault XP
 B = Vault XP
 C = Vault XP percentage of total XP
 D = Non-vault monster count
 E = Vault monster count
 F = Vault count percentage of total count
                 A         B        C        D         E       F
            +---------+---------+-------+---------+---------+-------
      Total |    2806 |     711 |  20.2 |     142 |      23 |  13.9
            +---------+---------+-------+---------+---------+-------
        D:1 |      46 |       0 |   0.0 |      26 |       0 |   0.0
        D:2 |     121 |       0 |   0.0 |      31 |       0 |   0.0
        D:3 |     173 |      30 |  14.8 |       9 |      16 |  64.0
        D:4 |     726 |      18 |   2.4 |      25 |       6 |  19.4
        D:5 |     240 |       0 |   0.0 |      13 |       0 |   0.0
        D:6 |     205 |     663 |  76.4 |       8 |       1 |  11.1
        D:7 |    1054 |       0 |   0.0 |      26 |       0 |   0.0
        D:8 |     241 |       0 |   0.0 |       4 |       0 |   0.0
            +---------+---------+-------+---------+---------+-------
